 Dungeon Crawl Stone Soup version 0.20.1-1-g8b1a95d (console) character file.

109 Kloppie the Skirmisher (level 4, -2/40 HPs)
             Began as a Draconian Gladiator on July 19, 2017.
             Slain by an orc priest
             ... wielding a cursed +0 mace
              (5 damage)
             ... on level 3 of the Dungeon.
             The game lasted 00:02:16 (1684 turns).

Kloppie the Skirmisher (Draconian Gladiator)        Turns: 1684, Time: 00:02:17

Health: -2/40      AC:  6    Str: 16    XL:     4   Next: 60%
Magic:  4/4        EV: 13    Int:  9    God:
Gold:   63         SH:  0    Dex: 13    Spells: 3/3 levels left

rFire    . . .     SeeInvis .   a - +0 war axe
rCold    . . .     Gourm    .   (no shield)
rNeg     . . .     Faith    .   (armour unavailable)
rPois    .         Spirit   .   b - +0 hat
rElec    .         Reflect  .   (no cloak)
rCorr    .         Harm     .   q - +0 pair of gloves
MR       .....                  (no boots)
Stlth    +.........             (no amulet)
Regen    0.2/turn               (no ring)
MPRegen  0.1/turn               (no ring)

@: no status effects
A: unfitting armour, cold-blooded, AC +5
a: no special abilities


You were on level 3 of the Dungeon.
You were not hungry.

You visited 1 branch of the dungeon, and saw 3 of its levels.

You collected 63 gold pieces.

Inventory:

Hand Weapons
 a - a +0 war axe (weapon)
Missiles
 c - 3 throwing nets (quivered)
Armour
 b - a +0 hat (worn)
 q - a +0 pair of gloves (worn)
Scrolls
 e - 3 scrolls of teleportation {unknown}
 f - 2 scrolls of identify {unknown}
 i - 3 scrolls of remove curse {unknown}
 k - a scroll of amnesia {unknown}
 l - a scroll of blinking {unknown}
 m - a scroll of fog {unknown}
 n - a scroll of enchant armour {unknown}
 p - a scroll of random uselessness {unknown}
 s - a scroll of immolation {unknown}
Potions
 j - 2 potions of curing {unknown}
 r - 2 potions of ambrosia {unknown}
Comestibles
 d - 2 bread rations
 h - 2 royal jellies
 o - 2 meat rations


   Skills:
 + Level 4.2 Fighting
 + Level 4.2 Axes
 - Level 1.7 Throwing
 - Level 2.6 Dodging


You had 3 spell levels left.
You didn't know any spells.

Dungeon Overview and Level Annotations

Branches:
Dungeon (3/15)

Altars:
Trog


Innate Abilities, Weirdness & Mutations

Your plain brown scales are hard. (AC +5)
You cannot fit into any form of body armour.
You are cold-blooded and may be slowed by cold attacks.


Message History

You hit the worm. x2
The orc priest calls down the wrath of Beogh upon you.
Pain shoots through your body!
* * * LOW HITPOINT WARNING * * *
The worm bites you but does no damage. x2
You barely miss the orc priest.
You tail-slap the orc priest, but do no damage.
The orc priest is almost dead.
You hit the worm. x2; The orc priest hits you with a mace.
* * * LOW HITPOINT WARNING * * *
The worm bites you.
* * * LOW HITPOINT WARNING * * *
The worm completely misses you.
You hit the orc priest but do no damage.
The orc priest is almost dead.
You hit the worm. You slash the worm!
You kill the worm!
The orc priest looks satisfied for a moment.
The orc priest hits you with a mace.
You die...

. ##. #.. ##.#
#... #..# #w)#
#o@# #(.# #..##
#<..### #.....#
###.#.#
########## #.#.#
#..≈≈8≈≈.# #.#.#
#...≈≈≈..#
#.#.###.......##


You could see a worm and an orc priest.

Vanquished Creatures
  Jessica (D:3)
  2 adders (D:2)
  A worm (D:3)
  A dart slug (D:1)
  A leopard gecko (D:1)
  2 orcs (D:3)
  A ball python (D:1)
  6 bats
  4 giant cockroaches
  6 goblins
  7 hobgoblins
  4 jackals (D:2)
  7 kobolds
  3 frilled lizards (D:1)
  8 rats
54 creatures vanquished.

Notes
Turn   | Place    | Note
-------+----------+-------------------------------------------
     0 | D:1      | Kloppie the Draconian Gladiator began the quest for the Orb.
     0 | D:1      | Reached XP level 1. HP: 17/17 MP: 1/1
   126 | D:1      | Reached XP level 2. HP: 23/25 MP: 2/2
   447 | D:1      | Reached XP level 3. HP: 28/31 MP: 3/3
  1174 | D:2      | Reached XP level 4. HP: 40/40 MP: 4/4
  1376 | D:2      | Found a bloodstained altar of Trog.
  1401 | D:3      | Noticed Jessica
  1418 | D:3      | Killed Jessica
  1684 | D:3      | Slain by an orc priest

Skill      XL: |  1  2  3  4 |
---------------+-------------+-----
Fighting       | 3 4 |  4.2
Axes           | 4 |  4.2
Throwing       | |  1.7
Dodging        | |  2.6

Action                   |  1- 3 |  4- 6 || total
-------------------------+-------+-------++-------
Melee: War axe           |    97 |    38 ||   135
       Tailslap          |    10 |     7 ||    17
 Stab: Sleeping          |     1 |       ||     1
  Eat: Chunk             |     1 |     2 ||     3
Armor: Skin              |    27 |     8 ||    35
Dodge: Dodged            |    75 |    27 ||   102
